 Dungeon Crawl Stone Soup version 0.29.1-15-g9cfb28693d (webtiles) character file.

Game seed: 10120168457199180124

2217 adizb the Grappler (level 9, 0/79 HPs)
             Began as a Troll Monk on Apr 23, 2023.
             Was a Believer of Hepliaklqana.
             Slain by a vampire (7 damage)
             ... on level 6 of the Dungeon.
             The game lasted 00:14:55 (4100 turns).

adizb the Grappler (Troll Monk)                     Turns: 4100, Time: 00:14:56

Health: 0/79       AC:  8    Str: 25    XL:     9   Next: 13%
Magic:  8/8        EV:  9    Int:  6    God:    Hepliaklqana [**....]
Gold:   368        SH: 16    Dex: 18    Spells: 8/8 levels left

rFire   + . .      SeeInvis .     - Unarmed
rCold   . . .      Faith    .   h - +1 kite shield {AC+3}
rNeg    . . .      Spirit   .   a - +0 robe
rPois   .          Reflect  +   (helmet restricted)
rElec   .          Harm     .   g - +0 cloak
rCorr   .          Rampage  .   (gloves unavailable)
Will    .....                   (boots unavailable)
Stlth   ++........              q - amulet of reflection
HPRegen 1.03/turn               d - ring of protection from fire
MPRegen 0.11/turn               x - +6 ring of dexterity

@: no status effects
A: reduced essence, large, unfitting armour, claws 3, regeneration 1, shaggy fur
1, tough skin 1
a: Renounce Religion, Recall Ancestor, Ancestor Identity


You were on level 6 of the Dungeon.
You worshipped Hepliaklqana.
Hepliaklqana was pleased with you.
You visited 2 branches of the dungeon, and saw 7 of its levels.

You collected 368 gold pieces.

Inventory:

Armour
 a - a +0 robe (worn)
 g - a +0 cloak (worn)
 h - a +1 kite shield of protection (worn)
Jewellery
 d - a ring of protection from fire (left claw)
 o - an amulet of faith
 q - an amulet of reflection (around neck)
 s - a ring of fire
 x - a +6 ring of dexterity (right claw)
Wands
 w - a wand of polymorph (6)
Scrolls
 i - a scroll of fog {unknown}
 k - a scroll of identify
 n - 3 scrolls of teleportation
 t - a scroll of enchant weapon
 v - a scroll of enchant armour {unknown}
 y - a scroll of poison {unknown}
Potions
 b - a potion of ambrosia
 c - a potion of resistance {unknown}
 e - 3 potions of attraction {unknown}
 f - 3 potions of might {unknown}
 j - 4 potions of curing
 l - 2 potions of degeneration {unknown}
 m - a potion of haste {unknown}
 p - a potion of cancellation {unknown}
 r - 2 potions of lignification {unknown}
 u - a potion of flight {unknown}


   Skills:
 + Level 5.4 Fighting
 - Level 2.4 Dodging
 - Level 1.0 Stealth
 * Level 5.7 Shields
 * Level 9.0 Unarmed Combat


You had 8 spell levels left.
You didn't know any spells.
Your spell library contained the following spells:

 Spells                   Type           Power      Damage    Failure   Level
 Shock                    Conj/Air       0%         1d3       71%         1
 Inner Flame              Hex/Fire       0%         N/A       97%         3
 Swiftness                Air            0%         N/A       97%         3
 Airstrike                Air            0%         2d(0-16)  100%        4
 Cause Fear               Hex            0%         N/A       100%        4
 Malign Gateway           Summ/Tloc      0%         N/A       100%        7
 Discord                  Hex            0%         N/A       100%        8
 Summon Horrible Things   Summ           0%         N/A       100%        8


Dungeon Overview and Level Annotations

Branches:
Dungeon (6/15)             Temple (1/1) D:6

Altars:
Elyvilon
Fedhas
Gozag
Hepliaklqana
Kikubaaqudgha
Makhleb
Nemelex Xobeh
Okawaru
Qazlal
Ru
Sif Muna
Trog
Uskayaw
Vehumet
Wu Jian
Xom
Yredelemnul
Zin
The Shining One


Innate Abilities, Weirdness & Mutations

Your life essence is reduced to manifest your ancestor. (-10% HP)
You are too large for most types of armour.
You have claws for hands.
Your natural rate of healing is unusually fast.
You are covered in fur. (AC +1)
You have tough skin. (AC +1)


Message History

The stone arrow hits the orc!
The orc dies!
You scratch the iguana.
The iguana is almost dead.
Something closely misses Dawg.
Something barely misses Dawg.
The gnoll sergeant hits you from afar with a +0 spear.
You block the iguana's attack. The white imp barely misses you.
Something hits you but does no damage. Something bites you.
Something draws strength from your injuries!
Something hits Dawg.
Something barely misses Dawg.
You claw the iguana!
You kill the iguana!
An ufetubus comes into view.
The gnoll sergeant hits you from afar with a +0 spear.
The white imp closely misses you. Something hits you but does no damage.
You block something's attack.
An orc warrior comes into view. It is wielding a +0 dire flail.
You closely miss the white imp.
The white imp is moderately wounded.
The ufetubus closely misses Dawg.
The ufetubus barely misses Dawg.
You block the gnoll sergeant's attack. The white imp closely misses you.
You block something's attack. Something bites you!
Something draws strength from your injuries!
You closely miss the ufetubus.
The ufetubus hits you but does no damage.
You block the ufetubus's attack. You block the gnoll sergeant's attack.
The white imp gestures at you. The puff of frost hits you.
You block something's attack. Something bites you.
* * * LOW HITPOINT WARNING * * *
Something draws strength from your injuries!
You barely miss the ufetubus.
The ufetubus hits you but does no damage.
You block the ufetubus's attack.
The gnoll sergeant hits you from afar with a +0 spear!
* * * LOW HITPOINT WARNING * * *
The white imp gestures at you. The puff of frost misses you.
Something hits you.
* * * LOW HITPOINT WARNING * * *
Something bites you!
You die...

..........................#....
..........................###..
..## ...#########.. .....####
...# ....... ###$$.##...#
....... #o)##($#...#.......>..
#( #.##?#...#..........
#l5#5#...#..........
#@#....#..........
#†)#....#)..##.####
#g.##o####...##.####
..###................
###...#...............
......#............... .o...
#.........>.(... o..o.
##+###...####### #### #...#


You could see an orc warrior (wandering), a gnoll sergeant, an iguana, a white
imp and an ufetubus.

Vanquished Creatures
  The ghost of middlethird the Magician, a novice VSCj (D:5)
  A water moccasin (D:6)
  An orc warrior (D:6)
  2 ice beasts
  A black bear (D:5)
  3 centaurs
  2 ogres
  3 phantoms
  2 necrophages
  3 quasits (D:5)
  3 hounds
  An iguana (D:6)
  Robin (D:3)
  8 adders
  8 gnolls
  A worm (D:2)
  4 dart slugs
  8 orcs
  14 ball pythons
  8 bats
  6 endoplasms
  5 giant cockroaches
  9 hobgoblins
  10 jackals
  3 quokkas
  5 frilled lizards
  16 goblins
  11 kobolds
  3 rats
  A bush (D:5)
144 creatures vanquished.

Vanquished Creatures (collateral kills)
  A centaur (D:6)
  Blork the orc (D:6)
  A hound (D:6)
  An iguana (D:6)
  3 orcs (D:6)
7 creatures vanquished.

Grand Total: 151 creatures vanquished

Notes
Turn   | Place    | Note
-------+----------+-------------------------------------------
     0 | D:1      | adizb the Troll Monk began the quest for the Orb.
     0 | D:1      | Reached XP level 1. HP: 22/22 MP: 0/0
     2 | D:1      | Noticed an ogre
     2 | D:1      | Noticed a vampire
     4 | D:1      | Noticed a formicid
     6 | D:1      | Noticed an elf
     6 | D:1      | Noticed a demonspawn
     8 | D:1      | Noticed a human
     8 | D:1      | Noticed an octopode
    10 | D:1      | Noticed a naga
    10 | D:1      | Noticed a tengu
    12 | D:1      | Noticed a merfolk
    12 | D:1      | Noticed a minotaur
    14 | D:1      | Noticed a vine stalker
    16 | D:1      | Noticed a felid
    16 | D:1      | Noticed a meteoran
    18 | D:1      | Noticed a troll
    18 | D:1      | Noticed a spriggan
    20 | D:1      | Noticed a demigod
    20 | D:1      | Noticed a gargoyle
    22 | D:1      | Noticed a ghoul
    22 | D:1      | Noticed a palentonga
    24 | D:1      | Noticed a draconian
    24 | D:1      | Noticed a palentonga
    26 | D:1      | Noticed an ogre
    26 | D:1      | Noticed a vampire
   224 | D:1      | Reached XP level 2. HP: 29/29 MP: 1/1
   463 | D:1      | Reached XP level 3. HP: 32/36 MP: 2/2
   515 | D:1      | Reached skill level 4 in Unarmed Combat
   850 | D:2      | Found a faded altar of an unknown god.
  1219 | D:2      | Reached XP level 4. HP: 42/45 MP: 3/3
  1460 | D:3      | Identified a scroll of acquirement
  1460 | D:3      | Acquired a +1 kite shield of protection
  1921 | D:3      | Noticed Robin
  1930 | D:3      | Killed Robin
  1931 | D:3      | Reached skill level 5 in Unarmed Combat
  1931 | D:3      | Reached XP level 5. HP: 53/53 MP: 4/4
  2069 | D:3      | Identified the +2 helmet of the Boiling Point {+Inv Int+3
                  | Stlth+}
  2456 | D:4      | Noticed a phantom
  2477 | D:4      | Killed a phantom
  2478 | D:4      | Reached skill level 1 in Shields
  2509 | D:4      | Reached XP level 6. HP: 54/61 MP: 5/5
  2680 | D:4      | Reached skill level 6 in Unarmed Combat
  3008 | D:5      | Entered Level 5 of the Dungeon
  3045 | D:5      | Reached XP level 7. HP: 47/70 MP: 6/6
  3118 | D:5      | Noticed middlethird's ghost (novice VSCj)
  3130 | D:5      | Found a transporter.
  3160 | D:5      | Found a transporter.
  3223 | D:5      | Reached skill level 7 in Unarmed Combat
  3496 | D:5      | Reached XP level 8. HP: 78/79 MP: 7/7
  3521 | D:5      | Killed middlethird's ghost
  3522 | D:5      | Reached skill level 8 in Unarmed Combat
  3648 | D:5      | Reached skill level 5 in Fighting
  3923 | D:6      | Found a staircase to the Ecumenical Temple.
  3932 | Temple   | Entered the Ecumenical Temple
  3953 | Temple   | Became a worshipper of Hepliaklqana the Forgotten
  3953 | Temple   | Reached * piety under Hepliaklqana
  3953 | Temple   | Reached ** piety under Hepliaklqana
  3954 | Temple   | Remembered your ancestor Dawg as a battlemage
  3982 | D:6      | Noticed Blork the orc
  3987 | D:6      | Killed Blork the orc
  3988 | D:6      | Reached skill level 5 in Shields
  4082 | D:6      | Reached XP level 9. HP: 79/79 MP: 8/8
  4094 | D:6      | Reached skill level 9 in Unarmed Combat
  4100 | D:6      | Slain by a vampire

Illustrated notes

Levels and vault maps discovered:
D:1:      kb_arrival_jail, layout_loops_corners, minmay_octomino_c4
D:2:      layout_loops_ring, basic_ecumenical_altar
D:3:      layout_basic, uniq_robin
D:4:      layout_cave_pods, serial_rivers, chequers_serial_rivers_large_a,
          chequers_serial_rivers_marsh, chequers_serial_rivers_micro_a,
          chequers_serial_rivers_room_a, chequers_serial_rivers_small_a,
          chequers_serial_rivers_micro_c
D:5:      layout_loops_ring, gammafunk_ghost_stat_death,
          kb_lookout_dungeons_type
D:6:      layout_gridville, temple_green, minmay_alternating_orb,
          uniq_blork_the_orc
Temple:   hellmonk_temple_of_storms

Skill      XL: |  1  2  3  4  5  6  7  8  9 |
---------------+----------------------------+-----
Unarmed Combat | 4 5 6 7 8 9 |  9.0
Fighting       | 3 4 5 |  5.4
Shields        | 1 2 3 5 |  5.7
Dodging        | |  2.4
Stealth        | |  1.0

Action                   |  1- 3 |  4- 6 |  7- 9 || total
-------------------------+-------+-------+-------++-------
Melee: Unarmed           |   112 |   148 |   145 ||   405
       Punch             |     1 |     1 |       ||     2
Invok: Ancestor Life: Ba |       |       |     1 ||     1
       Ancestor Identity |       |       |     1 ||     1
  Use: Scroll            |     1 |     4 |     3 ||     8
 Stab: Sleeping          |     4 |     2 |     2 ||     8
Armor: Robe              |    50 |    37 |    57 ||   144
Dodge: Dodged            |    51 |    35 |    56 ||   142
Block: Kite shield       |       |    58 |    88 ||   146
       Reflection        |       |     6 |     4 ||    10
